 Dungeon Crawl Stone Soup version 0.31-a0-986-g5e6e4ef867 (webtiles) character file.

Game seed: 4452725329172141217

22884 bmb222 the Mimic (level 12, -7/118 HPs)
             Began as a Troll Shapeshifter on Nov 23, 2023.
             Was a High Priest of Qazlal.
             Mangled by a bone dragon (11 damage)
             ... on level 2 of the Abyss.
             The game lasted 00:27:10 (11973 turns).

bmb222 the Mimic (Troll Shapeshifter)              Turns: 11973, Time: 00:27:11

Health: -7/118     AC:  9    Str: 27    XL:     12   Next: 67%
Magic:  14/14      EV: 11    Int:  9    God:    Qazlal [*****.]
Gold:   379        SH:  6    Dex: 12    Spells: 11/11 levels left

rFire   + .          .
                       - Unarmed
rCold   . . .        (shield currently unavailable)
rNeg    + . .        M - +0 acid dragon scales
rPois   +            (helmet restricted)
rElec   .            (no cloak)
rCorr   +            (gloves unavailable)
SInv    .            (boots unavailable)
Will    .....        N - amulet of regeneration
Stlth   +            P - ring of Obloug {rF+ rN+}
HPRegen 1.99/turn    I - ring of poison resistance
MPRegen 0.14/turn

%: repel missiles, clarity
@: about to teleport, flux-form, glowing, studying Throwing
A: glow, contaminating, large, unfitting armour, claws 3, regeneration 1, shaggy
fur 1, tough skin 1, agile 1, clarity, clever 1
a: Begin Untransformation, Renounce Religion, Upheaval, Elemental Force,
Disaster Area


You were on level 2 of the Abyss.
You worshipped Qazlal.
Qazlal was extremely pleased with you.
You were something dangerously unstable.
You visited 3 branches of the dungeon, and saw 13 of its levels.
You visited the Abyss 1 time.
You also visited: Bailey.

You collected 727 gold pieces.
You spent 348 gold pieces at shops.

Inventory:

Missiles
 x - 6 throwing nets
Armour
 a - a +0 animal skin
 i - an orb of light
 w - an orb of energy
 A - a +1 troll leather armour
 M - +0 acid dragon scales (worn)
Jewellery
 f - a ring of resist corrosion
 k - a ring of magical power
 E - a ring of see invisible
 I - a ring of poison resistance (right claw)
 J - an amulet of faith
 N - an amulet of regeneration (around neck)
 P - the ring of Obloug (left claw) {rF+ rN+}
   (You acquired it on level 1 of the Abyss)

   [ring of protection from fire]

   rF+:       It protects you from fire.
   rN+:       It protects you from negative energy.
Talismans
 c - a beast talisman
 d - a flux talisman (active)
Wands
 o - a wand of mindburst (7)
 s - a wand of flame (37)
 t - a wand of polymorph (17)
 O - a wand of roots (6)
Scrolls
 e - 2 scrolls of revelation
 g - a scroll of enchant weapon
 l - 2 scrolls of amnesia
 p - 2 scrolls of fear
 r - 2 scrolls of enchant armour
 y - 4 scrolls of identify
 C - a scroll of teleportation
 D - a scroll of blinking
 K - a scroll of immolation
Potions
 b - 2 potions of lignification
 h - a potion of brilliance
 j - a potion of resistance
 m - a potion of enlightenment
 n - 2 potions of magic
 q - 2 potions of attraction
 u - 2 potions of curing
 z - a potion of degeneration
 B - 10 potions of ambrosia
 F - a potion of invisibility
 G - a potion of might
 H - 5 potions of haste
 L - a potion of mutation


   Skills:
 * Level 7.4 Fighting
 * Level 6.4 Armour
 - Level 5.3 Dodging
 - Level 0.3 Shields
 - Level 10.2 Unarmed Combat
 * Level 4.8 Invocations
 - Level 3.3 Evocations
 * Level 11.6 Shapeshifting


You had 11 spell levels left.
You didn't know any spells.
Your spell library contained the following spells:

 Spells                   Type           Power      Damage    Failure   Level
 Apportation              Tloc           0%         N/A       43%         1
 Shock                    Conj/Air       0%         1d3       43%         1
 Slow                     Hex            0%         N/A       43%         1
 Sting                    Tmut/Pois      0%         1d3       43%         1
 Poisonous Vapours        Pois/Air       0%         N/A       58%         2
 Wereblood                Tmut           0%         N/A       58%         2
 Confusing Touch          Hex            0%         N/A       82%         3
 Inner Flame              Hex/Fire       0%         N/A       82%         3
 Mephitic Cloud           Conj/Pois/Air  0%         N/A       82%         3
 Ozocubu's Armour         Ice            0%         N/A       82%         3
 Sigil of Binding         Hex            0%         N/A       82%         3
 Summon Guardian Golem    Hex/Summ       0%         N/A       82%         3
 Vampiric Draining        Necr           0%         2d6       82%         3
 Olgreb's Toxic Radiance  Pois           0%         N/A       99%         4
 Summon Ice Beast         Ice/Summ       0%         N/A       99%         4
 Irradiate                Conj/Tmut      0%         3d11      100%        5
 Metabolic Englaciation   Hex/Ice        0%         N/A       100%        5
 Summon Forest            Summ/Tloc      0%         N/A       100%        5
 Summon Mana Viper        Hex/Summ       0%         N/A       100%        5
 Yara's Violent Unravell  Hex/Tmut       0%         3d3       100%        5
 Eringya's Noxious Bog    Tmut/Pois      0%         4d6       100%        6
 Simulacrum               Ice/Necr       0%         N/A       100%        6
 Enfeeble                 Hex            0%         N/A       100%        7
 Monstrous Menagerie      Summ           0%         N/A       100%        7
 Orb of Destruction       Conj           0%         9d5       100%        7
 Spellforged Servitor     Conj/Summ      0%         N/A       100%        7
 Discord                  Hex            0%         N/A       100%        8
 Maxwell's Capacitive Co  Air            0%         ∞         100%        8


Dungeon Overview and Level Annotations

Branches:
Dungeon (11/15)            Temple (1/1) D:4            Lair (1/5) D:11
 Bailey (visited)
    Orc: D:9-12

Altars:
Ashenzari
Cheibriados
Dithmenos
Elyvilon
Fedhas
Gozag
Hepliaklqana
Kikubaaqudgha
Makhleb
Nemelex Xobeh
Okawaru
Qazlal
Ru
Sif Muna
Trog
Uskayaw
Vehumet
Wu Jian
Xom
Yredelemnul
Zin
The Shining One

Shops:
D:7 [?(   D:9 !

Annotations:
D:4 1 runed translucent door, dialectric's ghost, amateur TrSh
Lair:1 Sonja


Innate Abilities, Weirdness & Mutations

You are something dangerously unstable.
You glow with magical radiation, making you easy to see and hit.
Foes you strike become dangerously contaminated with magical radiation.
You are incapable of wielding weapons or throwing items.
You are too large for most types of armour.
You have claws for hands.
Your natural rate of healing is unusually fast.
You are covered in fur. (AC +1)
You have tough skin. (AC +1)
You are agile. (Dex +4, Str/Int -1)
You possess an exceptional clarity of mind.
Your mind is acute. (Int +4, Str/Dex -1)


Message History

You feel the power of the Abyss delaying your translocation!
The small abomination attacks as it pursues you!
The small abomination barely misses you.
You scratch the small abomination.
The small abomination begins to glow.
The small abomination is heavily damaged.
The small abomination misses you.
You scratch the small abomination but do no damage.
The small abomination glows dangerously bright.
The small abomination is heavily damaged.
You completely miss the small abomination.
The small abomination is heavily damaged.
You feel yourself slow down.
The small abomination barely misses you.
You scratch the small abomination but do no damage.
The small abomination shudders as magic cascades through it!
You destroy the small abomination!
Qazlal accepts your kill.
Your protection from physical attacks is fading.
You feel less protected from physical attacks.
You are suddenly pulled into a different region of the Abyss!
Found a gateway leading deeper into the Abyss.
A bone dragon comes into view.
There is a gateway leading deeper into the Abyss here.
You feel your health improve. The bone dragon bites you!
* * * LOW HITPOINT WARNING * * *
The bone dragon misses you. The bone dragon tramples you.
* * * LOW HITPOINT WARNING * * *
You stumble backwards!
As you read the scroll of teleportation, it crumbles to dust.
You feel strangely unstable.
You feel the power of the Abyss delaying your translocation!
The bone dragon bites you but does no damage.
The bone dragon claws you!
* * * LOW HITPOINT WARNING * * *
The bone dragon tramples you but does no damage.
A starcursed mass comes into view.
The bone dragon attacks as it pursues you!
The bone dragon bites you!
You die...

## #.## ##.#.###
## ##....#.## .X#
##.#.##.#.#..#
###.#. .#.#p..#
#.D#D#.##.D#.#...#
#.#.####....#.#
#.. #
...##..##.#.# # .
# ##.#####.
##.######## # ...
.##. ## # ###...#
#.###.#. . #..
##.#. #. . . #


You could see a bone dragon and a starcursed mass.

Vanquished Creatures
  A centaur warrior (D:10)
  2 two-headed ogres (D:10)
  An occultist (D:11)
  An arcanist (D:11)
  An orc knight (Bailey)
  2 ugly things
  A worldbinder (Abyss:2)
  3 deep elf pyromancers
  A cyclops (D:11)
  2 cane toads (Lair:1)
  2 large abominations (Abyss:2)
  Jeremiah (D:7)
  An ancient zyme (Abyss:2)
  2 trolls
  4 hornets
  A queen bee (D:10)
  Grinder (D:5)
  A raiju (Abyss:2)
  3 wyverns (D:11)
  2 basilisks (D:11)
  46 yaks
  A fire elemental (D:11)
  A steam dragon (D:10)
  Edmund (D:5)
  Menkaure (D:6)
  2 acid dragons
  A water moccasin (D:11)
  15 orc warriors
  A black bear (D:4)
  An ice beast (D:8)
  2 sky beasts
  An ogre (D:7)
  A phantom (D:4)
  3 kobold brigands
  2 starcursed masses (Abyss:2)
  2 small abominations (Abyss:2)
  3 bullfrogs
  5 scorpions
  A gnoll sergeant (D:6)
  4 wights (D:9)
  23 killer bees
  2 howler monkeys (D:9)
  2 hounds
  8 orc priests
  3 gnoll boudas
  4 jellies
  A sleepcap (D:6)
  Jessica (D:2)
  An iguana (D:7)
  14 orc wizards
  Ijyb (D:5)
  21 gnolls
  11 adders
  A white imp (D:8)
  4 ufetubi
  5 worms
  A dart slug (D:1)
  46 orcs
  7 bats
  5 endoplasms
  A giant cockroach (D:1)
  8 hobgoblins
  4 jackals (D:3)
  18 kobolds
  3 quokkas (D:2)
  7 ball pythons
  A frilled lizard (D:2)
  11 goblins
  11 rats
  A starspawn tentacle (Abyss:1)
353 creatures vanquished.

Vanquished Creatures (others)
  A lurking horror (Abyss:2)
  9 starspawn tentacles
10 creatures vanquished.

Grand Total: 363 creatures vanquished

Notes
Turn   | Place    | Note
-------+----------+-------------------------------------------
     0 | D:1      | bmb222 the Troll Shapeshifter began the quest for the Orb.
     0 | D:1      | Reached XP level 1. HP: 18/18 MP: 0/0
   106 | D:1      | Reached XP level 2. HP: 26/26 MP: 1/1
   377 | D:1      | Reached XP level 3. HP: 32/32 MP: 2/2
   529 | D:2      | Identified the "Sirphopro"
   692 | D:2      | Reached XP level 4. HP: 34/40 MP: 3/3
   705 | D:2      | Reached skill level 4 in Shapeshifting
   757 | D:2      | Noticed Jessica
   764 | D:2      | Killed Jessica
   882 | D:2      | Reached skill level 1 in Fighting
   912 | D:2      | Reached XP level 5. HP: 48/48 MP: 4/4
  1368 | D:3      | You fall into a shaft and drop 2 floors!
  1368 | D:5      | Entered Level 5 of the Dungeon
  1391 | D:5      | Noticed Edmund
  1393 | D:5      | Noticed Ijyb
  1402 | D:5      | Gained mutation: Your mind is acute. (Int +4, Str/Dex -1)
                  | [potion of mutation]
  1402 | D:5      | Gained mutation: You are agile. (Dex +4, Str/Int -1)
                  | [potion of mutation]
  1402 | D:5      | Gained mutation: You possess an exceptional clarity of
                  | mind. [potion of mutation]
  1408 | D:5      | Killed Edmund
  1409 | D:5      | Reached skill level 5 in Unarmed Combat
  1409 | D:5      | Reached XP level 6. HP: 28/55 MP: 5/5
  1428 | D:5      | Killed Ijyb
  1519 | D:4      | Reached XP level 7. HP: 48/62 MP: 6/6
  1723 | D:4      | Noticed dialectric's ghost (amateur TrSh)
  1727 | D:4      | Found a runed translucent door.
  1933 | D:4      | Found a staircase to the Ecumenical Temple.
  2018 | Temple   | Entered the Ecumenical Temple
  2090 | Temple   | Became a worshipper of Qazlal Stormbringer
  2568 | D:4      | Reached skill level 5 in Shapeshifting
  2984 | D:5      | Noticed a yak
  2984 | D:5      | Noticed a yak
  3026 | D:5      | Noticed a yak
  3028 | D:5      | Noticed a yak
  3054 | D:4      | Killed a yak
  3055 | D:4      | Reached XP level 8. HP: 40/72 MP: 7/7
  3532 | D:5      | Reached * piety under Qazlal
  3618 | D:5      | Noticed Grinder
  3629 | D:5      | Killed Grinder
  3630 | D:5      | Reached skill level 6 in Shapeshifting
  4223 | D:6      | Reached XP level 9. HP: 45/80 MP: 8/8
  4541 | D:6      | Noticed Menkaure
  4545 | D:6      | Killed Menkaure
  4549 | D:6      | Found a white marble altar of Elyvilon.
  4549 | D:6      | Found an iron altar of Okawaru.
  4550 | D:6      | Found a shimmering altar of Xom.
  4776 | D:7      | Found Bitiqaro's Weapon Shoppe.
  4776 | D:7      | Found Adghycy's Magic Scroll Shoppe.
  4776 | D:7      | Found Vezuw's Antique Armour Shoppe.
  4930 | D:7      | Bought a scroll of teleportation for 36 gold pieces
  4930 | D:7      | Bought a scroll of teleportation for 36 gold pieces
  4930 | D:7      | Bought a scroll of teleportation for 36 gold pieces
  4988 | D:7      | Reached ** piety under Qazlal
  5451 | D:7      | Noticed Jeremiah
  5455 | D:7      | Found a glowing golden altar of the Shining One.
  5469 | D:7      | Killed Jeremiah
  5470 | D:7      | Reached skill level 5 in Dodging
  5470 | D:7      | Reached skill level 10 in Unarmed Combat
  5470 | D:7      | Reached skill level 7 in Shapeshifting
  6652 | D:9      | Reached XP level 10. HP: 57/91 MP: 9/9
  6780 | D:9      | Found a bloodstained altar of Trog.
  6803 | D:9      | Found Faskiomp's Distillery.
  6814 | D:9      | Bought a potion of heal wounds for 80 gold pieces
  6814 | D:9      | Bought a potion of haste for 160 gold pieces
  6853 | D:9      | Noticed a deep elf pyromancer
  6862 | D:9      | Killed a deep elf pyromancer
  6863 | D:9      | Reached skill level 1 in Invocations
  6967 | D:9      | Reached skill level 1 in Armour
  6967 | D:9      | Reached skill level 1 in Evocations
  7038 | D:9      | Identified a scroll of acquirement
  7038 | D:9      | Acquired a +1 troll leather armour
  7268 | D:9      | Noticed a green ugly thing
  7280 | D:9      | Killed a purple ugly thing
  7281 | D:9      | Reached skill level 8 in Shapeshifting
  7734 | D:10     | Entered Level 10 of the Dungeon
  7812 | D:10     | Reached *** piety under Qazlal
  7834 | D:10     | Found a flagged portal.
  7840 | Bailey   | Entered a bailey
  7933 | Bailey   | Reached skill level 9 in Shapeshifting
  8085 | Bailey   | Noticed an orc knight
  8102 | Bailey   | Killed an orc knight
  8413 | Bailey   | Found a large runed translucent door.
  8413 | Bailey   | Found a large runed translucent door.
  8414 | Bailey   | Noticed a deep elf zephyrmancer
  8825 | D:10     | Reached XP level 11. HP: 54/100 MP: 11/11
  8954 | D:10     | Reached **** piety under Qazlal
  9038 | D:10     | Reached skill level 5 in Fighting
  9158 | D:10     | Found a blossoming altar of Fedhas.
  9168 | D:10     | Noticed a centaur warrior
  9201 | D:10     | Killed a centaur warrior
  9384 | D:10     | Noticed a two-headed ogre
  9385 | D:10     | Noticed a two-headed ogre
  9391 | D:10     | Killed a two-headed ogre
  9392 | D:10     | Reached skill level 10 in Shapeshifting
  9422 | D:10     | Killed a two-headed ogre
  9423 | D:10     | Reached skill level 5 in Armour
  9423 | D:10     | Paralysed by a hornet for 3 turns
 10122 | D:10     | Found a broken altar of Ashenzari.
 10255 | D:11     | Identified the "Weupein"
 10255 | D:11     | Identified the of Kuorpher
 10283 | D:11     | Noticed a white ugly thing
 10306 | D:11     | Killed a green ugly thing
 10390 | D:11     | Reached XP level 12. HP: 55/114 MP: 13/13
 10458 | D:11     | Reached ***** piety under Qazlal
 10818 | D:11     | Found a staircase to the Lair.
 10907 | D:11     | Identified the +2 helmet of Hadjma {Regen+ MP-9 Slay+2
                  | SInv}
 10954 | D:11     | Found a bloodstained altar of Trog.
 11062 | D:11     | Reached skill level 11 in Shapeshifting
 11412 | D:12     | Identified the "Terphazxa"
 11412 | Lair:1   | Entered Level 1 of the Lair of Beasts
 11510 | Lair:1   | Noticed Sonja
 11513 | Abyss:1  | Cast into level 1 of the Abyss (Sonja)
 11524 | Abyss:1  | Acquired the ring of Obloug {rF+ rN+}
 11528 | Abyss:1  | Noticed a tentacled starspawn
 11606 | Abyss:2  | Found a viscous altar of Jiyva.
 11628 | Abyss:2  | Noticed a starcursed mass
 11714 | Abyss:2  | Found a corrupted altar of Lugonu.
 11718 | Abyss:2  | Noticed a starcursed mass
 11742 | Abyss:2  | Noticed a tentacled starspawn
 11763 | Abyss:2  | Noticed a starcursed mass
 11771 | Abyss:2  | Noticed a bone dragon
 11794 | Abyss:2  | Found a corrupted altar of Lugonu.
 11864 | Abyss:2  | Noticed a daeva
 11871 | Abyss:2  | Noticed a tentacled starspawn
 11875 | Abyss:2  | HP: 5/118 [small abomination (13)]
 11882 | Abyss:2  | Found a corrupted altar of Lugonu.
 11952 | Abyss:2  | Noticed a bone dragon
 11970 | Abyss:2  | HP: 5/118 [bone dragon (6)]
 11972 | Abyss:2  | HP: 2/118 [bone dragon (7)]
 11973 | Abyss:2  | Noticed a starcursed mass
 11973 | Abyss:2  | Mangled by a bone dragon

Illustrated notes

Levels and vault maps discovered:
D:1:      scummos_arrival_checkerplants, layout_rooms, serial_rivers,
          chequers_serial_rivers_large_a, chequers_serial_rivers_micro_d,
          chequers_serial_rivers_micro_c, chequers_serial_rivers_micro_d,
          chequers_serial_rivers_small_b, minmay_surrounded
D:2:      layout_basic, wad_floor_pattern_untrapped, kennysheep_cross_room,
          kennysheep_jessica_study
D:3:      layout_basic, kennysheep_generic_room_16
D:4:      layout_loops_corners, minmay_temple_entry_fiery,
          hellmonk_ghost_happy_afterlife, kennysheep_generic_room_15
D:5:      layout_cave_pools, grunt_ministairs_1, minmay_misc_feat_cross,
          uniq_grinder, uniq_ijyb, uniq_edmund
D:6:      layout_loops_ring, nicolae_overflow_hidden_temple, uniq_menkaure
D:7:      layout_basic, lemuel_doored_altar, serial_curves, eino_curves_02,
          eino_curves_01, eino_curves_03, nicolae_shop_distant_corner_stores,
          minmay_fractal_squares_diagonal_5, uniq_jeremiah
D:8:      layout_gridville, minivault_11
D:9:      layout_loops_corners, mainiacjoe_overflow_paths, serial_shops,
          nicolae_shop_peninsula, centaur_isle
D:10:     kennysheep_ambush_hall, layout_basic,
          mainiacjoe_overflow_tiny_flanked, amcnicky_altar_gilded,
          enter_bailey_3, st_stairs_1, minivault_7
D:11:     cheibrodos_lost_city_excavation, layout_basic,
          minmay_lair_entry_grove, tgw_trog
Temple:   bh_familiar_temple
Lair:1:   layout_long_grid, gammafunk_ghost_cemetery,
          infiniplex_staircase_pool_2, uniq_sonja, uniq_grum
Abyss:2:  base: D:12, due_exit_kobolds, minivault_22,
          evilmike_abyss_exit_vortex, evilmike_abyss_exit_16

Skill      XL: |  1  2  3  4  5  6  7  8  9 10 11 12 |
---------------+-------------------------------------+-----
Dodging        | 2 3 4 5 |  5.3
Shapeshifting  | 4 5 6 7 9 10 11 | 11.6
Unarmed Combat | 4 5 7 8 10 | 10.2
Fighting       | 1 2 3 4 6 7 |  7.4
Invocations    | 2 3 4 |  4.8
Armour         | 3 5 6 |  6.4
Evocations     | 2 3 |  3.3
Shields        | |  0.3

Action                     |  1- 3 |  4- 6 |  7- 9 | 10-12 || total
---------------------------+-------+-------+-------+-------++-------
  Melee: Unarmed           |    76 |   106 |   261 |   608 ||  1051
         Punch             |     1 |       |    11 |       ||    12
 Invoke: Upheaval          |       |       |       |     1 ||     1
  Evoke: Wand              |       |       |     1 |     1 ||     2
    Use: Scroll            |       |    12 |     5 |    13 ||    30
         Potion            |       |     4 |       |     9 ||    13
   Stab: Invisible         |       |     2 |       |       ||     2
 Armour: Animal skin       |    41 |    84 |   179 |    12 ||   316
         Skin              |       |     3 |       |       ||     3
         Troll leather arm |       |       |       |   388 ||   388
         Acid dragon scale |       |       |       |    98 ||    98
  Dodge: Dodged            |    23 |    54 |   125 |   305 ||   507
         Repelled          |       |       |       |     2 ||     2
  Block: Other             |       |       |    13 |   126 ||   139
   Form: Flux              |       |       |     1 |       ||     1

Table legend: (Time is in decaauts)
 A = Elapsed time spent in this place.
 B = Non-inter-level travel time spent in this place.
 C = Inter-level travel time spent in this place.
 D = Time resting spent in this place.
 E = Time spent auto-exploring this place.
 F = Levels seen in this place.
 G = Mean time per level.
                   A        B        C        D        E       F      G
               +--------+--------+--------+--------+--------+-----+--------+
         Total |  11793 |  11176 |    617 |   1814 |   6016 |  16 |  737.1 |
       Dungeon |  10350 |   9761 |    589 |   1247 |   5929 |  11 |  940.9 |
        Temple |    100 |     72 |     28 |      0 |      0 |   1 |  100.0 |
          Lair |    100 |    100 |      0 |      0 |     75 |   1 |  100.0 |
         Abyss |    438 |    438 |      0 |     10 |      0 |   2 |  219.0 |
        Bailey |    803 |    803 |      0 |    557 |     12 |   1 |  803.0 |
               +--------+--------+--------+--------+--------+-----+--------+

Top non-repeatable levels by time:
    D:10: 1656 daAuts
     D:4: 1226 daAuts
     D:9: 1136 daAuts
    D:11: 1120 daAuts
     D:7: 921 daAuts
     D:5: 902 daAuts
     D:6: 894 daAuts
  Bailey: 803 daAuts
     D:8: 746 daAuts
     D:2: 643 daAuts
     D:1: 594 daAuts
     D:3: 508 daAuts
 Abyss:2: 372 daAuts
  Temple: 100 daAuts
  Lair:1: 100 daAuts
